 Dungeon Crawl Stone Soup version 0.30-a0-883-g5ad918d77d (webtiles) character file.

Game seed: 11067491149609419630

781 Pimp the Firebug (level 7, -10/41 HPs)
             Began as an Octopode Fire Elementalist on Mar 17, 2023.
             Killed by miscasting Flame Wave (11 damage)
             ... on level 5 of the Dungeon.
             The game lasted 00:11:38 (4813 turns).

Pimp the Firebug (Octopode Fire Elementalist)       Turns: 4813, Time: 00:11:38

Health: -10/41     AC:  1    Str:  8    XL:     7   Next: 85%
Magic:  8/13       EV: 14    Int: 19    God:
Gold:   254        SH:  0    Dex: 12    Spells: 2/15 levels left

rFire   . . .      SeeInvis .    e - +2 dagger (drain)
rCold   . . .      Faith    .    (no shield)
rNeg    . . .      Spirit   .    (helmet restricted)
rPois   .          Reflect  .    (no amulet)
rElec   .          Rampage  .    (no ring)
rCorr   .                        (no ring)
Will    .....                    (no ring)
Stlth   ++++                     (no ring)
HPRegen 0.26/turn                (no ring)
MPRegen 0.13/turn                (no ring)
                                 (no ring)
                                 (no ring)

@: lethally poisoned (-10 -> -17), very slightly contaminated
A: almost no armour, amphibious, 8 rings, camouflage 1, gelatinous body 1,
(nimble swimmer 1), tentacles, antennae 1
a: no special abilities


You were on level 5 of the Dungeon.
You visited 1 branch of the dungeon, and saw 5 of its levels.

You collected 254 gold pieces.

Inventory:

Hand Weapons
 c - a +0 dagger
 e - a +2 dagger of draining (weapon)
Missiles
 h - 3 javelins
 k - 5 poisoned darts
Wands
 j - a wand of flame (9) (quivered)
Scrolls
 a - a scroll of teleportation
 d - a scroll of identify
 i - 2 scrolls of enchant armour


   Skills:
 + Level 4.2 Dodging
 - Level 4.4 Stealth
 * Level 4.6 Spellcasting
 + Level 3.8 Conjurations
 + Level 4.8 Fire Magic


You had 2 spell levels left.
You knew the following spells:

 Your Spells              Type           Power      Damage    Failure   Level
a - Foxfire               Conj/Fire      80%        2x1d8     2%          1
b - Scorch                Fire           44%        2d7       2%          2
c - Inner Flame           Hex/Fire       13%        N/A       14%         3
d - Kindle Blastsparks    Fire/Tloc/Air  20%        2d11      21%         3
e - Flame Wave            Conj/Fire      20%        2d7       22%         4

Your spell library contained the following spells:

 Spells                   Type           Power      Damage    Failure   Level
 Cigotuvi's Dreadful Rot  Necr/Pois/Air  8%         N/A       21%         2
 Dispel Undead            Necr           4%         3d7       78%         4
 Death Channel            Necr           2%         N/A       100%        6


Dungeon Overview and Level Annotations

Branches:
Dungeon (5/15)
 Temple: D:4-7

Altars:
Nemelex Xobeh
Uskayaw

Shops:
D:1 =


Innate Abilities, Weirdness & Mutations

You cannot wear most types of armour.
You are amphibious.
You can wear up to eight rings at the same time.
Your skin changes colour to match your surroundings (Stealth+).
Your rubbery body absorbs attacks. (AC +1, EV +1)
((You are camouflaged when in or above water. (Stealth+)))
You have tentacles for arms and can constrict up to eight enemies at once.
You have a pair of small antennae on your head.


Message History

You constrict the killer bee.
You feel very sick. The killer bee barely misses you.
The killer bee stings you.
You hit the killer bee but do no damage.
You squeeze the killer bee.
The killer bee is heavily wounded.
You constrict the killer bee.
You feel sick. The killer bee stings you. x2
* * * LOW HITPOINT WARNING * * *
You are lethally poisoned!
The killer bee poisons you!
As you read the scroll labelled PEOQIGE MEOM, it crumbles to dust.
You hear a loud clanging noise!
It was a scroll of noise.
You constrict the killer bee.
* * * LOW HITPOINT WARNING * * *
You feel very sick.
You hear an angry hiss.
The killer bee completely misses you. The killer bee misses you.
You closely miss the killer bee.
The killer bee is heavily wounded.
You constrict the killer bee.
* * * LOW HITPOINT WARNING * * *
You feel sick. The killer bee closely misses you. The killer bee stings you.
* * * LOW HITPOINT WARNING * * *
You aren't carrying any potions.
Casting: Foxfire (safe; 2% risk of failure)
Confirm with . or Enter, or press ? or * to list all spells.
You conjure some foxfire!
You constrict the killer bee.
You kill the killer bee!
* * * LOW HITPOINT WARNING * * *
You feel very sick. The killer bee barely misses you.
Casting: Foxfire (safe; 2% risk of failure)
Confirm with . or Enter, or press ? or * to list all spells.
The spell is quite dangerous to miscast (22% risk of failure)!
Continue anyway?
Casting: Flame Wave (quite dangerous; 22% risk of failure)
Press: ? - help, Dir - look around, f - activate You miscast Flame Wave.
You are very lightly contaminated with residual magic.
You are caught in a violent explosion!
You die...

#..........######........#
#..........# #......#..#
#..........# #..#...#.
#.....###+## #.........#
#.....+... #.######.##
#.....#..# #.# ...
#........# #.# ## .
..###.# #.#######.#
....###+###yy@v.....#
...........S#########
..##........#
.>..........#
####........# .......(..#
...######### .... ...


You could see 2 killer bees and an adder.

Vanquished Creatures
  Sigmund (D:2)
  Edmund (D:4)
  An ogre (D:4)
  A bullfrog (D:4)
  A gnoll sergeant (D:4)
  A killer bee (D:5)
  An iguana (D:5)
  An orc wizard (D:4)
  7 gnolls
  6 adders
  4 dart slugs
  5 orcs
  6 ball pythons
  3 bats
  5 endoplasms
  A giant cockroach (D:1)
  7 goblins
  6 hobgoblins
  4 jackals (D:1)
  6 quokkas
  A frilled lizard (D:1)
  5 kobolds
  6 rats
80 creatures vanquished.

Vanquished Creatures (others)
  170 foxfires
170 creatures vanquished.

Grand Total: 250 creatures vanquished

Notes
Turn   | Place    | Note
-------+----------+-------------------------------------------
     0 | D:1      | Pimp the Octopode Fire Elementalist began the quest for the
                  | Orb.
     0 | D:1      | Reached XP level 1. HP: 11/11 MP: 3/3
   306 | D:1      | Found Laomic's One-of-a-Kind Rings.
   347 | D:1      | Reached XP level 2. HP: 16/17 MP: 0/5
   573 | D:1      | Found a faded altar of an unknown god.
   605 | D:1      | Reached XP level 3. HP: 13/18 MP: 4/6
  1092 | D:2      | Noticed Sigmund
  1153 | D:2      | Killed Sigmund
  1154 | D:2      | Reached XP level 4. HP: 26/27 MP: 5/8
  1154 | D:2      | Reached XP level 5. HP: 30/31 MP: 5/9
  1381 | D:2      | Found the +7 Kryia's mail coat {PotionHeal*2 rC+}
  2329 | D:3      | Found a hide-covered altar of Uskayaw.
  2331 | D:3      | Found a sparkling altar of Nemelex Xobeh.
  2790 | D:4      | Noticed an ogre
  2933 | D:3      | Reached XP level 6. HP: 24/36 MP: 4/10
  3174 | D:3      | Learned a level 2 spell: Scorch
  3178 | D:3      | Learned a level 3 spell: Inner Flame
  3182 | D:3      | Learned a level 3 spell: Kindle Blastsparks
  3556 | D:4      | Reached XP level 7. HP: 41/41 MP: 4/12
  3714 | D:4      | Noticed Edmund
  3719 | D:4      | Gained mutation: You have a pair of small antennae on your
                  | head. [potion of mutation]
  3890 | D:4      | Killed Edmund
  4094 | D:4      | Learned a level 4 spell: Flame Wave
  4489 | D:5      | Entered Level 5 of the Dungeon
  4812 | D:5      | HP: 1/41 [poisoned by a killer bee]
  4813 | D:5      | Killed by miscasting Flame Wave

Illustrated notes

Levels and vault maps discovered:
D:1:      minmay_arrival_floating_metal, layout_rooms,
          chequers_ecumenical_altar_grove, nicolae_shop_unique_rings
D:2:      layout_basic, uniq_sigmund
D:3:      layout_basic, jmf_multi_god_temple, chequers_serial_rivers_marsh
D:4:      layout_cave_pods, uniq_edmund
D:5:      layout_basic

Skill      XL: |  1  2  3  4  5  6  7 |
---------------+----------------------+-----
Stealth        | 3 4 |  4.4
Dodging        | 3 4 |  4.2
Conjurations   | 2 3 |  3.8
Spellcasting   | 3 4 |  4.6
Fire Magic     | 4 |  4.8

Action                     |  1- 3 |  4- 6 |  7- 9 || total
---------------------------+-------+-------+-------++-------
  Melee: Dagger            |    38 |    31 |    27 ||    96
         Unarmed           |     4 |       |       ||     4
         Constrict         |    10 |     6 |     7 ||    23
         Tentacles         |     8 |     6 |     8 ||    22
         Punch             |     1 |     2 |     1 ||     4
   Cast: Foxfire           |    23 |    41 |    39 ||   103
         Kindle Blastspark |       |     2 |     2 ||     4
  Evoke: Wand              |       |       |     5 ||     5
    Use: Scroll            |     3 |     3 |     1 ||     7
         Potion            |     1 |       |     8 ||     9
   Stab: Sleeping          |     2 |     9 |     1 ||    12
 Armour: Skin              |     9 |     1 |     1 ||    11
  Dodge: Dodged            |    33 |    20 |    29 ||    82

Table legend: (Time is in decaauts)
 A = Elapsed time spent in this place.
 B = Non-inter-level travel time spent in this place.
 C = Inter-level travel time spent in this place.
 D = Time resting spent in this place.
 E = Time spent auto-exploring this place.
 F = Levels seen in this place.
 G = Mean time per level.
                   A        B        C        D        E       F      G
               +--------+--------+--------+--------+--------+-----+--------+
         Total |   4815 |   4580 |    235 |    912 |   2752 |   5 |  963.0 |
       Dungeon |   4815 |   4580 |    235 |    912 |   2752 |   5 |  963.0 |
               +--------+--------+--------+--------+--------+-----+--------+

Top non-repeatable levels by time:
     D:3: 1516 daAuts
     D:4: 1280 daAuts
     D:1: 1022 daAuts
     D:2: 672 daAuts
     D:5: 323 daAuts
